 Dungeon Crawl Stone Soup version 0.31-a0-237-g2d982f9f85 (webtiles) character file.

Game seed: 15788685137131092229

68 qw the Shooter (level 4, -2/36 HPs)
             Began as a Minotaur Hexslinger on July 10, 2023.
             Slain by a gnoll
             ... wielding a +0 whip
              (5 damage)
             ... on level 2 of the Dungeon.
             The game lasted 00:00:31 (1222 turns).

qw the Shooter (Minotaur Hexslinger)                Turns: 1222, Time: 00:00:32

Health: -2/36      AC:  3    Str: 12    XL:     4   Next: 1%
Magic:  4/4        EV: 12    Int: 14    God:
Gold:   117        SH:  0    Dex: 15    Spells: 4/5 levels left

rFire   . . .        b - +4 shortbow of the Mind {flame, Int+4}
rCold   . . .        (shield currently unavailable)
rNeg    . . .        g - +0 leather armour
rPois   .            (helmet restricted)
rElec   .            (no cloak)
rCorr   .            (no gloves)
SInv    .            (no boots)
Will    .....        (no amulet)
Stlth   +            (no ring)
HPRegen 0.26/turn    (no ring)
MPRegen 0.09/turn

%: no passive effects
@: about to teleport
A: horns 2, retaliatory headbutt
a: no special abilities


You were on level 2 of the Dungeon.
You visited 1 branch of the dungeon, and saw 2 of its levels.

You collected 117 gold pieces.


Innate Abilities, Weirdness & Mutations

You have a pair of horns on your head.
You reflexively headbutt those who attack you in melee.


   Skills:
 - Level 2.0 Fighting
 + Level 4.5 Ranged Weapons
 - Level 2.1 Dodging
 - Level 1.0 Spellcasting
 - Level 2.0 Hexes


You had 4 spell levels left.
You knew the following spells:

 Your Spells              Type           Power      Damage    Failure   Level
a - Slow                  Hex            24%        N/A       14%         1

Your spell library contained the following spells:

 Spells                   Type           Power      Damage    Failure   Level
 Inner Flame              Hex/Fire       3%         N/A       54%         3
 Portal Projectile        Hex/Tloc       6%         N/A       54%         3
 Cause Fear               Hex            3%         N/A       82%         4

Inventory:

Hand Weapons
 b - the +4 shortbow of the Mind (weapon) {flame, Int+4}
   (You found it on level 2 of the Dungeon)

   Int:       It affects your intelligence (+4).
Armour
 a - a +0 cloak
 g - a +0 leather armour (worn)
Scrolls
 c - a scroll of identify
Potions
 f - a potion of degeneration {unknown}

Dungeon Overview and Level Annotations

Branches:
Dungeon (2/15)

Altars:


Message History

The gnoll is lightly wounded.
You shoot an arrow. The arrow hits the gnoll.
The arrow burns the gnoll.
The gnoll is almost dead.
You shoot an arrow. The arrow hits the gnoll.
The arrow burns the gnoll.
You kill the gnoll!
You see here a rat corpse.
Things that are here:
a +0 spear; a gnoll corpse 2 gnolls come into view.
The gnoll shouts! x2
Enter note:
Enter note:
Enter note:
Enter note:
Enter note:
Enter note:
Enter note:
Enter note:
Enter note: You shoot an arrow.
The arrow closely misses the gnoll.
The gnoll hits you with a +0 club.
You shoot an arrow. The arrow hits the gnoll.
The arrow burns the gnoll.
The gnoll is heavily wounded.
The gnoll hits you with a +0 club. The gnoll hits you with a +0 whip.
You shoot an arrow. The arrow hits the gnoll.
The arrow burns the gnoll.
You kill the gnoll!
The gnoll hits you with a +0 whip.
You have reached level 4!
You feel agile.
You shoot an arrow.
The arrow hits the gnoll but does no damage.
The gnoll hits you with a +0 whip.
You shoot an arrow. The arrow barely misses the gnoll.
The gnoll hits you with a +0 whip.
1221 ||| READING scroll of teleportation.
As you read the scroll of teleportation, it crumbles to dust.
You feel strangely unstable. The gnoll hits you with a +0 whip.
You shoot an arrow. The arrow barely misses the gnoll.
The gnoll hits you with a +0 whip.
You die...

.## ##.......##
##.## ## ##.....##
### # ##...## #
##'## # #.# # #.#
# ##.########.#
#####...##......#
.........%..)@)###
.#####...##.##g#
..........# .#
####.#.#### .#
...#.# .# #####.#
.# #.. .# ### ##


You could see a gnoll.

Vanquished Creatures
  2 gnolls (D:2)
  2 dart slugs
  6 endoplasms
  2 giant cockroaches (D:1)
  5 goblins
  4 hobgoblins (D:1)
  4 jackals (D:1)
  A quokka (D:2)
  3 ball pythons
  A bat (D:1)
  3 frilled lizards
  3 kobolds
  6 rats
42 creatures vanquished.

Notes
Turn   | Place    | Note
-------+----------+-------------------------------------------
     0 | D:1      | qw the Minotaur Hexslinger began the quest for the Orb.
     0 | D:1      | Reached XP level 1. HP: 16/16 MP: 1/1
     0 | D:1      | 0 ||| qw: Version: 0.3-a-52-g30416fa
     0 | D:1      | 0 ||| qw: Game counter: 5219
     0 | D:1      | 0 ||| qw: Melee chars always use a shield: true
     0 | D:1      | 0 ||| qw: God list: Okawaru
     0 | D:1      | 0 ||| qw: Allow faded altars: false
     0 | D:1      | 0 ||| qw: Do Orc after clearing Dungeon:15 true
     0 | D:1      | 0 ||| qw: Do second Lair branch before Depths: true
     0 | D:1      | 0 ||| qw: Lair rune preference: random
     0 | D:1      | 0 ||| qw: Goals: Normal
     0 | D:1      | 0 ||| PLANNING D:1-11
   136 | D:1      | Reached skill level 3 in Ranged Weapons
   136 | D:1      | Reached XP level 2. HP: 22/23 MP: 2/2
   271 | D:1      | HP: 5/24 [jackal (3)]
   387 | D:1      | 387 ||| UPGRADING to +0 leather armour.
   397 | D:1      | 397 ||| DROPPING +0 robe.
   492 | D:1      | Reached XP level 3. HP: 29/29 MP: 3/3
   707 | D:1      | 707 ||| READING scroll labelled XYASUO KOM WYP.
   708 | D:1      | 708 ||| READING 2 scrolls labelled DOLEIJ LINOOH.
   711 | D:1      | 711 ||| READING scroll labelled IVEOWE ZELI.
   712 | D:1      | 712 ||| READING scroll labelled ZYMMER FOUKECU.
   713 | D:1      | 713 ||| DROPPING scroll of poison.
   821 | D:2      | Identified the +4 shortbow of the Mind {flame, Int+4}
   823 | D:2      | 823 ||| SWAPPING to +4 shortbow of the Mind {flame, Int+4}.
   824 | D:2      | 824 ||| DROPPING +1 sling.
   894 | D:2      | Reached skill level 4 in Ranged Weapons
  1219 | D:2      | Reached XP level 4. HP: 16/36 MP: 4/4
  1220 | D:2      | HP: 8/36 [gnoll/+0 whip (3)]
  1221 | D:2      | 1221 ||| READING scroll of teleportation.
  1221 | D:2      | HP: 2/36 [gnoll/+0 whip (6)]
  1222 | D:2      | Slain by a gnoll

Levels and vault maps discovered:
D:1:      dpeg_arrival_castle, layout_rooms, minmay_misc_feat_enclosed,
          st_stairs_7, amcnicky_mini_rare_corridor_liquid, minmay_hexomino_f4
D:2:      layout_loops_corners, minivault_23

Skill      XL: |  1  2  3 |
---------------+----------+-----
Ranged Weapons | 3 4 |  4.5
Fighting       | 2 |  2.0
Dodging        | |  2.1
Spellcasting   | |  1.0
Hexes          | |  2.0

Action                     |  1- 3 |  4- 6 || total
---------------------------+-------+-------++-------
   Fire: Sling             |    82 |       ||    82
         Shortbow          |    30 |     3 ||    33
    Use: Scroll            |     4 |     1 ||     5
 Armour: Robe              |    12 |       ||    12
         Leather armour    |     6 |       ||     6
  Dodge: Dodged            |    42 |       ||    42

Table legend:
 A = Non-vault XP
 B = Vault XP
 C = Vault XP percentage of total XP
 D = Non-vault monster count
 E = Vault monster count
 F = Vault count percentage of total count
                 A         B        C        D         E       F
            +---------+---------+-------+---------+---------+-------
      Total |      90 |       8 |   8.2 |      37 |       5 |  11.9
            +---------+---------+-------+---------+---------+-------
        D:1 |      40 |       8 |  16.7 |      21 |       5 |  19.2
        D:2 |      50 |       0 |   0.0 |      16 |       0 |   0.0
            +---------+---------+-------+---------+---------+-------
